 Dungeon Crawl Stone Soup version 0.24-a0-592-g9a1d66b0e3 (webtiles) character file.

Game seed: 15007696110135639796, levelgen mode: deterministic

54 Mithandil the Conjurer (level 3, 0/20 HPs)
             Began as a Tengu Conjurer on Sept 9, 2019.
             Slain by a hobgoblin
             ... wielding a +0 club
              (5 damage)
             ... on level 2 of the Dungeon.
             The game lasted 00:07:01 (1642 turns).

Mithandil the Conjurer (Tengu Conjurer)             Turns: 1642, Time: 00:07:02

Health: 0/20       AC:  3    Str:  8    XL:     3   Next: 91%
Magic:  0/8        EV: 12    Int: 16    God:
Gold:   87         SH:  0    Dex: 14    Spells: 4/7 levels left

rFire    . . .     SeeInvis +   b - +0 halberd
rCold    . . .     Gourm    .   (shield currently unavailable)
rNeg     . . .     Faith    .   j - +0 leather armour
rPois    .         Spirit   .   (helmet restricted)
rElec    .         Reflect  .   (no cloak)
rCorr    .         Harm     .   (no gloves)
MR       .....                  (boots unavailable)
Stlth    ++........             (no amulet)
HPRegen  0.06/turn              g - ring of see invisible
MPRegen  0.11/turn              (no ring)

@: no status effects
A: beak, talons 3
a: no special abilities


You were on level 2 of the Dungeon.
You were hungry.

You visited 1 branch of the dungeon, and saw 2 of its levels.

You collected 87 gold pieces.

Inventory:

Hand Weapons
 a - a +0 hunting sling
 b - a +0 halberd (weapon)
 k - a +0 spear
Missiles
 e - 31 arrows
 f - 87 stones (quivered)
 h - 7 poisoned darts
Armour
 j - a +0 leather armour (worn)
Jewellery
 g - a ring of see invisible (left hand)
Scrolls
 d - 3 scrolls of identify
Comestibles
 c - 4 rations
 i - 6 chunks of flesh


   Skills:
 + Level 0.8 Fighting
 + Level 0.1 Polearms
 + Level 2.5 Dodging
 + Level 2.5 Stealth
 * Level 2.7 Spellcasting
 * Level 5.8 Conjurations


You had 4 spell levels left.
You knew the following spells:

 Your Spells              Type           Power        Failure   Level  Hunger
a - Magic Dart            Conj           ###.         2%          1    #......
b - Searing Ray           Conj           ###...       3%          2    ##.....

Your spell library contained the following spells:

 Spells                   Type           Power        Failure   Level  Hunger
 Dazzling Spray           Conj/Hex       ##....       26%         3    ###....
 Iskenderun's Mystic Bla  Conj           ###.....     26%         4    #####..
 Force Lance              Conj/Tloc      ##......     63%         4    #####..
 Fulminant Prism          Conj/Hex       ##........   63%         4    #####..


Dungeon Overview and Level Annotations

Branches:
Dungeon (2/15)

Altars:


Innate Abilities, Weirdness & Mutations

You have a beak for a mouth.
You have claws for feet.


Message History

Aim: a quokka The magic dart hits the quokka.
The quokka is severely wounded.
A giant cockroach comes into view.
The quokka closely misses you. The hobgoblin hits you with a +0 club.
The quokka completely misses you. The jackal closely misses you.
Casting: Magic Dart (safe; 2% risk of failure)
Confirm with . or Enter, or press ? or * to list all spells.
Aiming: Magic Dart (safe; 2% risk of failure)
Press: ? - help, Shift-Dir - straight line, f/p - quokka
Aim: a quokka (severely wounded)
The magic dart hits the quokka.
The quokka is almost dead.
The jackal bites you.
The quokka bites you but does no damage.
The quokka bites you.
* * * LOW HITPOINT WARNING * * *
The hobgoblin barely misses you. The hobgoblin hits you with a +0 club.
You die...

### # #########...
#.#######..........
................... ##
.....#.#.#######.# ..
#.###.....# .#.###.
#.........# #####.?.....
#####....####...hr......
#.#.##.....@gr..s.#.
#.#.##.##.###.#>#.#
#......#...##.# #
#.###.#.....#.# .##
#....##......... ..
#.###.#.....#.#.. .. #.#
.#...##.# #.##. #.#
#.#..## . ...... #.#
#..... ...)...###


You could see 2 quokkas, a jackal, a giant cockroach and a hobgoblin.

Vanquished Creatures
  3 gnolls
  A dart slug (D:2)
  2 giant cockroaches (D:2)
  3 goblins
  2 hobgoblins (D:1)
  A jackal (D:2)
  2 ball pythons (D:1)
  2 bats
  2 frilled lizards
  2 kobolds
  4 rats (D:1)
24 creatures vanquished.

Notes
Turn   | Place    | Note
-------+----------+-------------------------------------------
     0 | D:1      | Mithandil the Tengu Conjurer began the quest for the Orb.
     0 | D:1      | Reached XP level 1. HP: 10/10 MP: 4/4
   242 | D:2      | Reached XP level 2. HP: 10/16 MP: 0/6
   404 | D:1      | Learned a level 2 spell: Searing Ray
   409 | D:2      | Reached XP level 3. HP: 20/20 MP: 2/7
  1642 | D:2      | Slain by a hobgoblin

Levels and vault maps discovered:
D:1:      elethiomel_arrival_infinity_welcomes_careful_drivers,
          layout_loops_corners
D:2:      layout_loops_ring

Action                   || total
-------------------------++-------
Melee: Unarmed           ||    12
       Halberd           ||    11
       Kick              ||     4
       Peck              ||     3
 Cast: Magic Dart        ||    47
       Searing Ray       ||     1
  Use: Scroll            ||     2
       Potion            ||     1
  Eat: Chunk             ||     2
Armor: Robe              ||     3
       Leather armour    ||    10
Dodge: Dodged            ||    52

Table legend:
 A = Non-vault XP
 B = Vault XP
 C = Vault XP percentage of total XP
 D = Non-vault monster count
 E = Vault monster count
 F = Vault count percentage of total count
                 A         B        C        D         E       F
            +---------+---------+-------+---------+---------+-------
      Total |      78 |       0 |   0.0 |      24 |       0 |   0.0
            +---------+---------+-------+---------+---------+-------
        D:1 |      30 |       0 |   0.0 |      13 |       0 |   0.0
        D:2 |      48 |       0 |   0.0 |      11 |       0 |   0.0
            +---------+---------+-------+---------+---------+-------
